 Dungeon Crawl Stone Soup version 0.29-a0-284-gf9362112df (webtiles) character file.

Game seed: 15828197596017075906

168 horus123 the Sneak (level 5, -2/26 HPs)
             Began as a Vine Stalker Brigand on Mar 15, 2022.
             Killed by divine providence
             ... invoked by an orc priest
              (6 damage)
             ... on level 4 of the Dungeon.
             The game lasted 00:04:36 (2361 turns).

horus123 the Sneak (Vine Stalker Brigand)           Turns: 2361, Time: 00:04:36

Health: -2/26      AC:  3    Str: 12 (14) XL:     5   Next: 49%
Magic:  0/12       EV: 11    Int: 12 (13) God:
Gold:   78         SH:  0    Dex: 15      Spells: 10/12 levels left

rFire   . . .      SeeInvis .   a - +2 dagger
rCold   . . .      Faith    .   (no shield)
rNeg    . . .      Spirit   +   b - +0 robe
rPois   .          Reflect  .   (no helmet)
rElec   .          Harm     .   c - +0 cloak
rCorr   .          Rampage  .   (no gloves)
Will    .....                   (no boots)
Stlth   +++.......              (no amulet)
HPRegen 0.88/turn               (no ring)
MPRegen 0.13/turn               (no ring)

@: no status effects
A: fangs 2, regeneration 1, magic shield, antimagic bite, no potion heal 2
a: no special abilities


You were on level 4 of the Dungeon.
You visited 1 branch of the dungeon, and saw 3 of its levels.

You collected 78 gold pieces.

Inventory:

Hand Weapons
 a - a +2 dagger (weapon)
Missiles
 d - 9 poisoned darts (quivered)
 e - 3 curare-tipped darts
Armour
 b - a +0 robe (worn)
 c - a +0 cloak (worn)
Scrolls
 f - a scroll of torment {unknown}
Potions
 g - 2 potions of ambrosia {unknown}
 h - 2 potions of might {unknown}


   Skills:
 - Level 1.7 Fighting
 - Level 1.7 Short Blades
 - Level 1.7 Throwing
 - Level 0.7 Dodging
 - Level 6.1 Stealth
 - Level 4.1 Spellcasting
 + Level 0.2 Necromancy


You had 10 spell levels left.
You knew the following spells:

 Your Spells              Type           Power      Damage    Failure   Level
a - Corpse Rot            Necr/Air       4%         N/A       32%         2

Your spell library contained the following spells:

 Spells                   Type           Power      Damage    Failure   Level
 Dispel Undead            Necr           2%         3d7       90%         4
 Death Channel            Necr           1%         N/A       100%        6


Dungeon Overview and Level Annotations

Branches:
Dungeon (2/15)

Altars:


Innate Abilities, Weirdness & Mutations

You have extremely sharp teeth.
Your natural rate of healing is unusually fast.
When hurt, damage is shared between your health and your magic reserves.
Your bite disrupts and absorbs the magic of your enemies.
Potions cannot restore your health.


Message History

Unknown command.
You are more confused.
You see here 2 golden potions.
h - 2 golden potions The orc priest calls down the wrath of Beogh upon you.
Beogh smites you!
The hound barks!
You hear a shout!
Found a stone staircase leading up.
The orc priest mumbles some strange prayers to Beogh against you.
Beogh smites you!
A giant cockroach comes into view.
You bump into the rock wall.
The orc priest invokes the aid of Beogh against you.
Beogh smites you!
* * * LOW HITPOINT WARNING * * *
An orc comes into view. It is wielding a +0 trident.
The orc shouts!
The iguana misses you. The iguana closely misses you.
The hound closely misses you. The hound attacks as you move away!
The hound bites you.
* * * LOW HITPOINT WARNING * * *
The iguana attacks as you move away! The iguana barely misses you.
You feel less confused. The hound bites you but does no damage.
The hound barely misses you. The iguana attacks as you move away!
The iguana barely misses you. The hound closely misses you.
The hound pauses to sniff the ground.
Okay, then.
You hit the iguana. You bite the iguana. You drain its power.
You feel invigorated.
The iguana is heavily wounded.
The iguana bites you!
* * * LOW HITPOINT WARNING * * *
You barely miss the iguana. You bite the iguana, but do no damage.
The iguana is heavily wounded.
The iguana closely misses you.
The orc priest mumbles some strange prayers to Beogh against you.
Beogh smites you!
You die...

.....##.......# .###
##### ##......##....
..########..[.......#
#........#........#.#
#........#.......##
#.................#.##
<....♣♣...####.......#
....♣....B##............
..[♣.....hl@.##.##...###
#.......o######.. #...#
.........#######.# .#.#
#................. . )#
..##.#####........ . . .
#. #.o......> .. .
.....oo.... .
.........)...
#.............o..


You could see an iguana, a hound, an orc priest and a giant cockroach.

Vanquished Creatures
  An orc priest (D:2)
  A hound (D:4)
  Jessica (D:2)
  Natasha (D:1)
  An adder (D:1)
  A worm (D:4)
  2 dart slugs (D:1)
  2 orcs (D:2)
  3 endoplasms
  3 goblins (D:1)
  7 hobgoblins
  4 jackals (D:1)
  A kobold (D:2)
  2 quokkas (D:1)
  5 bats (D:1)
  A frilled lizard (D:1)
  3 rats
39 creatures vanquished.

Notes
Turn   | Place    | Note
-------+----------+-------------------------------------------
     0 | D:1      | horus123 the Vine Stalker Brigand began the quest for the
                  | Orb.
     0 | D:1      | Reached XP level 1. HP: 11/11 MP: 2/2
   217 | D:1      | Reached skill level 5 in Stealth
   358 | D:1      | Reached XP level 2. HP: 15/15 MP: 3/3
  1095 | D:1      | Reached skill level 6 in Stealth
  1251 | D:1      | Reached XP level 3. HP: 17/18 MP: 4/4
  1270 | D:1      | Learned a level 2 spell: Corpse Rot
  1616 | D:1      | Found a faded altar of an unknown god.
  1645 | D:1      | Reached skill level 1 in Spellcasting
  1883 | D:2      | Noticed Jessica
  1888 | D:2      | Noticed Natasha
  2027 | D:1      | Killed Natasha
  2028 | D:1      | Gained mutation: Your natural rate of healing is unusually
                  | fast. [Vine Stalker growth]
  2028 | D:1      | Reached XP level 4. HP: 15/23 MP: 4/8
  2044 | D:2      | Killed Jessica
  2117 | D:2      | Reached XP level 5. HP: 10/26 MP: 2/11
  2282 | D:2      | You fall into a shaft and drop 2 floors!
  2361 | D:4      | Killed from afar by an orc priest

Illustrated notes

Levels and vault maps discovered:
D:1:      elethiomel_arrival_maze, layout_basic,
          shapermc_ecumenical_altar_totnotflames, solitary_fountain,
          glass_columns_a, serial_bayou_crossing
D:2:      layout_rooms, corexii_shack, hangedman_decor_growths, uniq_natasha,
          uniq_jessica
D:4:      layout_rooms, dreamdust_divine_triumvirate, serial_shops,
          kennysheep_mini, kennysheep_little_box, chequers_garden, uniq_pargi

Skill      XL: |  1  2  3  4  5 |
---------------+----------------+-----
Stealth        | 5 6 |  6.1
Spellcasting   | 2 3 4 |  4.1
Fighting       | |  1.7
Short Blades   | |  1.7
Throwing       | |  1.7
Dodging        | |  0.7
Necromancy     | |  0.2

Action                   |  1- 3 |  4- 6 || total
-------------------------+-------+-------++-------
Melee: Dagger            |   102 |    41 ||   143
       Bite              |    20 |    21 ||    41
  Use: Potion            |     3 |       ||     3
       Scroll            |     2 |       ||     2
 Stab: Sleeping          |     9 |     1 ||    10
Armor: Robe              |    29 |     5 ||    34
Dodge: Dodged            |    71 |    16 ||    87

Table legend: (Time is in decaauts)
 A = Elapsed time spent in this place.
 B = Non-inter-level travel time spent in this place.
 C = Inter-level travel time spent in this place.
 D = Time resting spent in this place.
 E = Time spent auto-exploring this place.
 F = Levels seen in this place.
 G = Mean time per level.
                   A        B        C        D        E       F      G
               +--------+--------+--------+--------+--------+-----+--------+
         Total |   2366 |   2344 |     22 |   1070 |    906 |   3 |  788.7 |
       Dungeon |   2366 |   2344 |     22 |   1070 |    906 |   3 |  788.7 |
               +--------+--------+--------+--------+--------+-----+--------+

Top non-repeatable levels by time:
     D:1: 2026 daAuts
     D:2: 262 daAuts
     D:4: 77 daAuts
